Map: Frost LE

Players

Ganodorfio

  • Race: Terran Terran

Gracz - Winner!

  • Race: Protoss Protoss
  • League: Bronze

VOD

Have the link to the VOD?

Description

Time

  • Played on: Sept. 18, 2016, 12:43 p.m.
  • Length: 5:17
Show
View Real Time Build Order
Export as new Build Order

Ganodorfio Terran 

Build Orders:  

Get SALT Encoding   

  12  0:00  SCV  
  13  0:13  SCV  
  14  0:22  Supply Depot  
  14  0:25  SCV  
  15  0:34  Refinery  
  15  0:46  Barracks  
  15  0:53  SCV  
  16  1:05  SCV  
  17  1:18  SCV  
  18  1:30  SCV  
  19  1:33  Marine  
  19  1:37  Supply Depot  
  20  1:42  SCV  
  21  1:51  Marine  
  23  1:54  SCV  
  23  2:00  Engineering Bay  
  23  2:07  Barracks  
  23  2:08  Marine  
  24  2:39  Marine  
  25  2:51  SCV  
  25  2:57  Marine  
  27  3:03  SCV  
  28  3:15  SCV  
  27  3:32  Barracks  
  22  4:34  Marine  
  23  4:42  Barracks  
  23  4:48  Barracks  
  23  4:52  Marine  
Show
View Real Time Build Order
Export as new Build Order

Gracz Protoss - Winner!

Build Orders:  

Get SALT Encoding   

  12  0:03  Probe (Chrono Boost)  
  13  0:15  Probe (Chrono Boost)  
  14  0:26  Pylon  
  14  0:38  Probe (Chrono Boost)  
  15  0:48  Probe (Chrono Boost)  
  16  0:50  Gateway  
  16  0:55  Assimilator  
  16  0:59  Probe (Chrono Boost)  
  17  1:10  Probe (Chrono Boost)  
  18  1:22  Pylon  
  18  1:23  Probe (Chrono Boost)  
  19  1:34  Probe (Chrono Boost)  
  20  1:41  Gateway x2  
  20  1:44  Gateway  
  20  1:56  Probe (Chrono Boost)  
  21  2:06  Cybernetics Core  
  21  2:07  Probe (Chrono Boost)  
  22  2:20  Assimilator  
  22  2:30  Zealot x2  
  22  2:31  Zealot  
  28  2:45  Zealot  
  30  3:00  Zealot  
  30  3:05  Zealot  
  31  3:24  Pylon  
  31  3:26  Pylon  
  31  3:27  Pylon  
  31  3:38  Pylon  
  29  4:22  Stalker x3  
Tags
 
Add a new tag
Caveats
  • Supply blocks, unpowered buildings, or Contaminate may cause inaccurate times.
  • Supply counts are checked every 10 seconds.